 Dungeon Crawl Stone Soup version 0.22-a0-283-g1871b15 (webtiles) character file.

736 imnickio2 the Skirmisher (level 7, -2/55 HPs)
             Began as a Demonspawn Abyssal Knight on Mar 19, 2018.
             Was a Priest of Lugonu.
             Slain by AlmostDecent's ghost (15 damage)
             ... on level 5 of the Dungeon.
             The game lasted 00:55:24 (5138 turns).

imnickio2 the Skirmisher (DsAK)                     Turns: 5138, Time: 00:55:25

Health: -2/55      AC:  8    Str: 14    XL:     7   Next: 46%
Magic:  6/9        EV: 11    Int: 14    God:    Lugonu [***...]
Gold:   113        SH:  0    Dex: 12    Spells: 6/6 levels left

rFire    . . .     SeeInvis .   b - +2 whip (elec)
rCold    + . .     Gourm    .   (no shield)
rNeg     . . .     Faith    .   d - +1 ring mail
rPois    .         Spirit   .   (helmet restricted)
rElec    .         Reflect  .   C - scarf {repulsion}
rCorr    .         Harm     .   (no gloves)
MR       .....     Rnd*Tele +   (no boots)
Stlth    +.........             i - amulet of regeneration
HPRegen  0.58/turn              o - ring of ice
MPRegen  0.11/turn              k - ring of teleportation (curse)

@: repel missiles
A: antennae 1, molten scales 1, fire resistance 1
a: Depart the Abyss, Bend Space, Banish, Renounce Religion


You were on level 5 of the Dungeon.
You worshipped Lugonu.
Lugonu was most pleased with you.
You were not hungry.

You visited 2 branches of the dungeon, and saw 6 of its levels.
You visited the Abyss 1 time.

You collected 133 gold pieces.
You spent 20 gold pieces at shops.

Inventory:

Hand Weapons
 a - a +1 mace
 b - a +2 whip of electrocution (weapon)
 e - a +0 flail of draining
 n - a +3 quarterstaff of chaos
 q - a +1 dagger of speed
 s - a +5 short sword of venom
 w - a +5 club
 B - a +6 club
Missiles
 j - 96 arrows
Armour
 d - a +1 ring mail (worn)
 m - a +0 plate armour
 r - a +0 scale mail
 C - a scarf of repulsion (worn)
Jewellery
 h - an uncursed amulet of guardian spirit
 i - an amulet of regeneration (around neck)
 k - a cursed ring of teleportation (right hand)
 o - a ring of ice (left hand)
 I - an uncursed amulet of the gourmand
Wands
 f - a wand of flame (21)
 t - a wand of paralysis (11)
 A - a wand of disintegration (35)
 H - a wand of polymorph (13)
Scrolls
 v - 2 scrolls of fog
 x - 4 scrolls of teleportation
 y - 2 scrolls of blinking
 z - 2 scrolls of enchant armour
Potions
 g - a potion of cancellation
 l - a potion of mutation
 p - a potion of heal wounds
 u - a potion of brilliance
 D - a potion of curing {unknown}
 E - a potion of berserk rage
 G - a potion of flight
Comestibles
 c - 3 rations


   Skills:
 + Level 4.6 Fighting
 + Level 4.4 Maces & Flails
 + Level 3.6 Armour
 + Level 2.3 Dodging
 + Level 0.3 Stealth
 * Level 2.9 Unarmed Combat
 + Level 3.2 Invocations
 + Level 0.1 Evocations


You had 6 spell levels left.
You didn't know any spells.

Dungeon Overview and Level Annotations

Branches:
Dungeon (5/15)             Temple (1/1) D:4

Altars:
Ashenzari
Cheibriados
Dithmenos
Elyvilon
Gozag
Hepliaklqana
Makhleb
Okawaru
Qazlal
Sif Muna
Trog
Uskayaw
Vehumet
Wu Jian
Xom
Yredelemnul
Zin
The Shining One

Shops:
D:4 ?

Annotations:
D:5 AlmostDecent's ghost, novice OgFi


Innate Abilities, Weirdness & Mutations

You have a pair of small antennae on your head.
You are partially covered in molten scales. (AC +2)
Your flesh is heat resistant. (rF+)


Message History

AlmostDecent's ghost is moderately damaged.
AlmostDecent's ghost hits you.
A crimson imp comes into view.
Your ring mail prevents you from hitting AlmostDecent's ghost.
AlmostDecent's ghost is moderately damaged.
You hit AlmostDecent's ghost.
Lightning courses through AlmostDecent's ghost!
AlmostDecent's ghost is heavily damaged.
AlmostDecent's ghost hits you!
* * * LOW HITPOINT WARNING * * *
Space bends around you!
You blink.
Found a robe.
That item cannot be evoked!
The crimson imp blinks!
Found a stone staircase leading down.
You fail to use your ability.
Space bends around you!
You blink.
AlmostDecent's ghost hits you but does no damage.
Space bends around you!
You blink.
AlmostDecent's ghost hits you!
You die...

# #.#.........#
#.#....#.#..#
#.....W.....#
#.#...###$..###
#....5..#.?.#
#..
###.###.###...
####.#
#.#ยง.........
.....##
#.#W#...#[....
. .... #
#.#@###.# ##8#
# #..# .###
#..5>.# +
+..###....
#######
#+#.....#
........#
........#
.##..<..#
#########


You could see AlmostDecent's ghost and a crimson imp.

Vanquished Creatures
  Purgy (D:3)
  The ghost of catfishmike the Ruffian, an amateur TrMo (D:3)
  A sky beast (D:5)
  An oklob sapling (D:4)
  A hound (D:5)
  An orc priest (D:3)
  Crazy Yiuf (D:3)
  2 orc wizards
  Jessica (D:3)
  Ijyb (D:2)
  2 worker ants (D:4)
  Terence (D:2)
  3 gnolls (D:2)
  3 adders
  2 worms (D:2)
  2 dart slugs (D:2)
  4 leopard geckos
  6 orcs
  A ball python (D:3)
  7 bats
  3 giant cockroaches (D:1)
  9 goblins
  10 hobgoblins
  3 quokkas
  7 frilled lizards
  A jackal skeleton (D:2)
  10 kobolds
  A leopard gecko skeleton (D:4)
  7 rats
  2 plants (D:4)
95 creatures vanquished.

Notes
Turn   | Place    | Note
-------+----------+-------------------------------------------
     0 | Abyss:1  | imnickio2 the Demonspawn Abyssal Knight began the quest for the Orb.
     0 | Abyss:1  | Reached XP level 1. HP: 18/18 MP: 2/2
    45 | Abyss:1  | Noticed a wretched star
    47 | D:1      | Escaped the Abyss
   358 | D:1      | Reached * piety under Lugonu
   410 | D:1      | Gained mutation: Your flesh is heat resistant. (rF+) [demonic ancestry]
   410 | D:1      | Reached XP level 2. HP: 19/24 MP: 3/3
   443 | D:1      | Reached skill level 1 in Dodging
  1218 | D:2      | Found a white marble altar of Elyvilon.
  1254 | D:2      | Reached XP level 3. HP: 29/29 MP: 5/5
  1410 | D:2      | Noticed Terence
  1420 | D:2      | Killed Terence
  1421 | D:2      | Reached XP level 4. HP: 37/37 MP: 6/6
  1561 | D:2      | Reached ** piety under Lugonu
  1747 | D:2      | Found a hazy altar of Hepliaklqana.
  1749 | D:2      | Found a radiant altar of Vehumet.
  1788 | D:2      | Found a glowing silver altar of Zin.
  1906 | D:2      | Reached skill level 1 in Unarmed Combat
  2149 | D:2      | Found a shattered altar of Ashenzari.
  2222 | D:3      | Noticed Purgy
  2230 | D:3      | Noticed Ijyb
  2255 | D:3      | Killed Purgy
  2255 | D:3      | Reached XP level 5. HP: 21/42 MP: 7/7
  2270 | D:3      | Paralysed by Ijyb for 2 turns
  2275 | D:3      | Paralysed by Ijyb for 5 turns
  2279 | D:3      | Noticed catfishmike's ghost (amateur TrMo)
  2672 | D:2      | Killed Ijyb
  2893 | D:3      | HP: 1/42 [catfishmike's ghost (5)]
  3159 | D:3      | Gained mutation: You are partially covered in molten scales. (AC +2) [demonic ancestry]
  3159 | D:3      | Reached XP level 6. HP: 48/48 MP: 8/8
  3178 | D:3      | Found a deep blue altar of Sif Muna.
  3319 | D:3      | Noticed Jessica
  3445 | D:3      | Killed Jessica
  3497 | D:3      | Killed catfishmike's ghost
  3758 | D:3      | Found a runed door.
  3762 | D:3      | Noticed Crazy Yiuf
  3767 | D:3      | Killed Crazy Yiuf
  3903 | D:4      | Reached *** piety under Lugonu
  3903 | D:4      | Gained mutation: You have a pair of small antennae on your head. [demonic ancestry]
  3903 | D:4      | Reached XP level 7. HP: 50/55 MP: 9/9
  3931 | D:4      | Found a staircase to the Ecumenical Temple.
  3948 | D:4      | Found Vitez's Magic Scroll Shoppe.
  3987 | D:4      | Bought a scroll of identify for 20 gold pieces
  4046 | D:4      | Found a stormy altar of Qazlal.
  4048 | D:4      | Noticed an air elemental
  4048 | D:4      | Noticed a water elemental
  4049 | D:4      | Noticed a fire elemental
  4835 | Temple   | Entered the Ecumenical Temple
  4956 | D:5      | Entered Level 5 of the Dungeon
  5116 | D:5      | Noticed AlmostDecent's ghost (novice OgFi)
  5138 | D:5      | Slain by AlmostDecent's ghost

Vault maps used:
D:1:      mainiacjoe_arrival_reflecting_pool, serial_forest,
          infiniplex_forest_clump_diagonal, infiniplex_forest_corner_1,
          infiniplex_forest_clump_double, infiniplex_forest_lined_room_3,
          infiniplex_forest_lined_3_way, infiniplex_forest_lined_ring
D:2:      old_standard_altar, nicolae_overflow_hidden_temple,
          lemuel_doored_altar, hex_large, uniq_terence
D:3:      marbit_many_paths, uniq_jessica, uniq_ijyb, uniq_crazy_yiuf_cottage,
          uniq_purgy
D:4:      minmay_temple_entry_oklob, serial_shops, shop, first_ration,
          nicolae_qazlal_style_of_elements
D:5:      kennysheep_mini_moat, kennysheep_little_box, serial_corexii_hall,
          corexii_hall_statues_x, corexii_hall_statues_u, corexii_hall_statues_t
Temple:   nicolae_temple_no_exploring_needed

Skill      XL: |  1  2  3  4  5  6 |
---------------+-------------------+-----
Armour         | 2 3 |  3.6
Dodging        | 1 2 |  2.3
Maces & Flails | 2 3 4 |  4.4
Unarmed Combat | 1 2 |  2.9
Invocations    | 3 |  3.2
Fighting       | 4 |  4.6
Stealth        | |  0.3
Evocations     | |  0.1

Action                   |  1- 3 |  4- 6 |  7- 9 || total
-------------------------+-------+-------+-------++-------
Melee: Mace              |    71 |       |       ||    71
       Whip              |    36 |   211 |    80 ||   327
       Punch             |       |       |     1 ||     1
Invok: Depart the Abyss  |     1 |       |       ||     1
       Bend Space        |       |     9 |     3 ||    12
Evoke: Wand              |       |     2 |     2 ||     4
  Use: Scroll            |     7 |    10 |     4 ||    21
       Potion            |       |     1 |       ||     1
  Eat: Ration            |     1 |     1 |     1 ||     3
       Chunk             |       |     2 |     2 ||     4
Armor: Ring mail         |    40 |    89 |    16 ||   145
Dodge: Dodged            |    57 |   138 |    25 ||   220

Table legend:
 A = Spawn XP
 B = Non-spawn XP
 C = Spawn XP percentage of total XP
 D = Spawn monster count
 E = Non-spawn monster count
 F = Spawn count percentage of total count
 G = Total turns spent on level
                    A         B        C        D         E        F      G
               +---------+---------+-------+---------+---------+-------+---------
         Total |       0 |    1052 |   0.0 |       0 |      93 |   0.0 |  5138
               +---------+---------+-------+---------+---------+-------+---------
           D:1 |       0 |      31 |   0.0 |       0 |      17 |   0.0 |  1111
           D:2 |       0 |     188 |   0.0 |       0 |      39 |   0.0 |  1873
           D:3 |       0 |     487 |   0.0 |       0 |      27 |   0.0 |   857
           D:4 |       0 |     168 |   0.0 |       0 |       7 |   0.0 |  1006
           D:5 |       0 |     178 |   0.0 |       0 |       3 |   0.0 |   182
               +---------+---------+-------+---------+---------+-------+---------
